Map: Catalyst LE

Players

Elazer

  • Race: Zerg Zerg
  • League: Master
  • Spawn Location: 5:00

Stats - Winner!

  • Race: Protoss Protoss
  • League: Master
  • Spawn Location: 11:00

Event: HomeStory Cup XVI

VOD

Have the link to the VOD?

Description

Time

  • Played on: Nov. 11, 2017, 8:24 a.m.
  • Length: 10:33

All games in this series

Show
View Real Time Build Order
Export as new Build Order

Elazer Zerg 

Build Orders: Hatch First 

Get SALT Encoding   

  12  0:00  Drone  
  13  0:12  Overlord  
  13  0:17  Drone  
  14  0:31  Drone x2  
  16  0:48  Hatchery  
  15  0:51  Drone  
  15  0:54  Drone  
  17  0:58  Drone  
  18  1:08  Extractor  
  17  1:13  Spawning Pool  
  17  1:17  Drone  
  17  1:20  Drone  
  18  1:28  Drone  
  19  1:38  Overlord  
  19  1:49  Drone  
  20  2:00  Queen x2  
  20  2:01  Drone, Zergling x2  
  26  2:10  Drone  
  26  2:12  Metabolic Boost  
  26  2:13  Drone  
  28  2:21  Drone x2  
  30  2:38  Hatchery  
  30  2:41  Drone  
  30  2:42  Drone  
  31  2:46  Drone  
  31  2:50  Overlord  
  32  2:53  Drone  
  32  2:57  Drone  
  34  3:09  Zergling x6  
  34  3:11  Queen  
  34  3:12  Drone  
  40  3:13  Drone  
  41  3:24  Overlord  
  41  3:25  Drone  
  42  3:27  Drone  
  42  3:28  Drone  
  44  3:39  Spore Crawler  
  44  3:40  Spore Crawler  
  42  3:41  Drone  
  42  3:42  Drone  
  42  3:43  Drone  
  42  3:44  Overlord  
  42  3:48  Drone x4  
  47  3:49  Drone  
  47  3:52  Queen  
  52  3:59  Drone  
  52  4:00  Drone  
  52  4:01  Drone  
  55  4:03  Drone  
  55  4:06  Zergling x2  
  57  4:12  Zergling x4  
  58  4:17  Overlord  
  58  4:20  Lair  
  58  4:21  Spore Crawler  
  57  4:25  Zergling x4  
  57  4:26  Evolution Chamber, Zergling x4  
  57  4:28  Overlord  
  60  4:34  Overlord  
  60  4:39  Zergling x4  
  60  4:40  Drone x2  
  64  4:46  Overlord  
  64  4:47  Drone  
  64  4:48  Drone  
  66  4:53  Zerg Missile Weapons Level 1  
  66  4:54  Extractor  
  66  4:55  Extractor, Drone  
  66  4:57  Drone  
  66  4:58  Drone  
  66  4:59  Overlord  
  66  5:00  Drone x2  
  66  5:04  Drone  
  66  5:05  Drone  
  70  5:10  Overlord  
  70  5:11  Drone x2  
  72  5:14  Drone  
  72  5:16  Drone  
  72  5:18  Drone x2  
  72  5:19  Drone x2  
  78  5:23  Hydralisk Den  
  77  5:31  Drone x3  
  77  5:35  Extractor, Overlord  
  80  5:38  Extractor  
  80  5:40  Drone  
  80  5:41  Drone x2  
  80  5:42  Drone x3  
  82  5:48  Overlord  
  82  5:49  Drone  
  83  5:51  Hatchery  
  83  5:53  Muscular Augments  
  83  5:56  Overlord  
  82  5:58  Drone x3  
  82  5:59  Drone  
  82  6:00  Drone  
  82  6:03  Drone  
  87  6:08  Extractor  
  86  6:12  Overlord, Baneling Nest  
  86  6:13  Zergling x2  
  86  6:14  Zergling x8  
  88  6:21  Drone x5  
  88  6:25  Overlord  
  88  6:26  Drone  
  88  6:31  Overseer  
  88  6:37  Drone x3  
  88  6:39  Drone x5  
  94  6:44  Hydralisk  
  94  6:45  Hydralisk  
  98  6:50  Zerg Missile Weapons Level 2, Overlord  
  98  6:51  Hydralisk  
  98  6:52  Hatchery  
  99  6:56  Hydralisk x3  
  105  7:02  Centrifical Hooks  
  105  7:03  Overlord  
  105  7:04  Pneumatized Carapace  
  105  7:08  Drone x3  
  107  7:09  Spore Crawler  
  107  7:13  Drone  
  107  7:14  Hydralisk x2  
  112  7:20  Spire  
  109  7:23  Hydralisk x2  
  113  7:33  Overlord, Hydralisk x4  
  121  7:41  Drone x2  
  119  7:44  Hydralisk  
  119  7:45  Hydralisk x4  
  119  7:47  Baneling  
  119  7:48  Baneling x5  
  128  7:56  Drone x3  
  128  7:58  Overlord, Hydralisk x3  
  135  8:07  Overlord  
  135  8:11  Hydralisk x5  
  145  8:14  Zergling x8  
  145  8:17  Overlord  
  149  8:24  Overlord  
  149  8:25  Overlord  
  149  8:26  Hydralisk x4  
  151  8:30  Zergling x6  
  160  8:35  Overlord  
  160  8:36  Corruptor  
  162  8:44  Corruptor x2  
  166  8:52  Zergling x16  
  166  8:54  Corruptor  
  176  9:00  Corruptor  
  174  9:05  Corruptor  
  174  9:06  Zergling x2  
  174  9:07  Zergling x18  
  180  9:12  Corruptor  
  180  9:17  Zergling x10  
  187  9:30  Hydralisk x5  
  195  9:38  Baneling  
  191  9:45  Zergling x26  
  186  9:46  Zergling x6  
  151  9:52  Hydralisk  
  151  9:53  Hydralisk x3  
  151  9:57  Hydralisk  
  151  9:58  Hydralisk  
  152  10:03  Hydralisk  
  152  10:04  Hydralisk x2  
Show
View Real Time Build Order
Export as new Build Order

Stats Protoss - Winner!

Build Orders: Nexus First, Phoenix Opening 

Get SALT Encoding   

  12  0:02  Probe (Chrono Boost)  
  14  0:14  Probe (Chrono Boost)  
  14  0:21  Pylon  
  14  0:26  Probe (Chrono Boost)  
  15  0:35  Probe (Chrono Boost)  
  16  0:43  Probe (Chrono Boost)  
  17  0:59  Nexus  
  17  1:09  Gateway  
  17  1:13  Probe (Chrono Boost)  
  17  1:16  Assimilator  
  18  1:20  Probe (Chrono Boost)  
  18  1:25  Assimilator  
  19  1:27  Probe (Chrono Boost)  
  20  1:39  Probe (Chrono Boost)  
  21  1:42  Gateway  
  21  1:51  Probe (Chrono Boost)  
  22  1:56  Cybernetics Core  
  22  2:00  Probe (Chrono Boost)  
  22  2:06  Probe (Chrono Boost)  
  22  2:07  Probe (Chrono Boost)  
  23  2:15  Probe (Chrono Boost)  
  25  2:18  Probe (Chrono Boost)  
  27  2:27  Probe (Chrono Boost)  
  29  2:30  Probe (Chrono Boost)  
  29  2:32  Warp Gate, Adept  
  29  2:33  Adept  
  33  2:39  Probe (Chrono Boost)  
  33  2:41  Pylon  
  33  2:42  Probe (Chrono Boost)  
  35  2:51  Probe (Chrono Boost)  
  36  2:54  Probe (Chrono Boost)  
  37  2:59  Stargate  
  37  3:02  Adept  
  37  3:03  Probe (Chrono Boost)  
  41  3:06  Adept, Probe (Chrono Boost)  
  43  3:15  Probe (Chrono Boost), Pylon  
  43  3:18  Probe (Chrono Boost)  
  45  3:23  Pylon  
  45  3:25  Probe (Chrono Boost)  
  46  3:29  Probe (Chrono Boost)  
  46  3:31  Probe (Chrono Boost)  
  46  3:33  Adept x2  
  51  3:37  Probe (Chrono Boost)  
  51  3:38  Assimilator  
  51  3:40  Assimilator  
  53  3:41  Probe (Chrono Boost)  
  53  3:45  Phoenix  
  56  3:50  Probe (Chrono Boost)  
  56  3:53  Probe (Chrono Boost)  
  56  3:55  Pylon  
  58  3:57  Pylon  
  58  4:10  Oracle  
  58  4:13  Robotics Facility  
  61  4:20  Probe x2 (Chrono Boost)  
  61  4:22  Forge, Twilight Council  
  63  4:29  Shield Battery  
  63  4:39  Sentry x2  
  63  4:42  Nexus  
  63  4:44  Pylon  
  67  4:52  Warp Prism  
  67  4:58  Probe x2 (Chrono Boost), Protoss Ground Weapons Level 1  
  67  4:59  Blink  
  71  5:07  Sentry  
  71  5:10  Shield Battery, Probe (Chrono Boost)  
  71  5:11  Probe (Chrono Boost)  
  76  5:22  Probe (Chrono Boost)  
  76  5:23  Probe (Chrono Boost), Robotics Bay  
  79  5:36  Probe x2 (Chrono Boost)  
  79  5:41  Zealot x2  
  83  5:48  Probe x2 (Chrono Boost), Pylon  
  85  5:52  Observer  
  85  5:55  Probe (Chrono Boost)  
  86  5:57  Probe x2 (Chrono Boost)  
  86  6:01  Gateway, Probe (Chrono Boost)  
  86  6:03  Gateway, Probe x2 (Chrono Boost), Colossus  
  87  6:06  Assimilator  
  87  6:08  Assimilator  
  87  6:09  Stalker x2  
  100  6:23  Protoss Ground Weapons Level 2  
  100  6:24  Extended Thermal Lance  
  100  6:25  Probe x3 (Chrono Boost)  
  101  6:39  Probe x3 (Chrono Boost)  
  102  6:46  Pylon  
  102  6:47  Pylon  
  102  6:51  Probe (Chrono Boost)  
  102  6:52  Probe (Chrono Boost)  
  102  6:53  Forge  
  104  7:01  Gateway, Colossus, Pylon  
  104  7:02  Gateway  
  104  7:08  Stalker x2  
  114  7:10  Charge  
  114  7:15  Templar Archives  
  114  7:23  Adept  
  114  7:24  Adept  
  114  7:26  Protoss Ground Armor Level 1, Pylon  
  114  7:27  Pylon  
  114  7:28  Gateway  
  118  7:30  Gateway  
  118  7:35  Colossus  
  120  7:59  High Templar  
  120  8:00  High Templar, Zealot x4  
  120  8:05  Photon Cannon, Pylon  
  132  8:07  Pylon  
  132  8:08  Archon  
  132  8:12  Nexus  
  132  8:13  Pylon  
  132  8:17  Gateway x2  
  132  8:30  High Templar x4, Zealot x2, Pylon  
  132  8:32  Zealot x2  
  148  8:34  Archon x2  
  148  8:43  Shield Battery  
  148  8:45  Shield Battery  
  148  8:52  Stalker x3  
  148  8:53  Stalker  
  153  9:08  Probe x3 (Chrono Boost)  
  149  9:12  High Templar x2  
  149  9:13  Zealot x2  
  149  9:16  Archon  
  157  9:21  Zealot x3  
  163  9:33  High Templar x2  
  163  9:34  Zealot x2  
  163  9:37  Archon  
  163  9:38  Zealot  
  165  9:46  Zealot x4  
  165  9:50  Zealot x2  
  143  9:57  Zealot x2  
  134  10:07  Zealot x3  
  126  10:18  High Templar x3  
  126  10:19  High Templar, Zealot  
  134  10:23  Archon x2  
Tags
 
Add a new tag
Caveats
  • Supply blocks, unpowered buildings, or Contaminate may cause inaccurate times.
  • Supply counts are checked every 10 seconds.